Cogmind - Beta 11 X6 @@@ ROGUE MODE // 2021.07.17 @ 15:50:50 Player: Zyalin Result: Destroyed by G-73 Enforcer with Heavy Laser Performance ------------- Evolutions (7) 3500 Regions Visited (17) 3400 Robots Destroyed (242) 1210 Value Destroyed (11735) 11735 Prototype IDs (29) 580 Alien Tech Used (4) 800 Bonus (3991) 3991 TOTAL SCORE: 25216 Bonus ------- High Alert Combat Kills 2340 Follower Combat Kills 1150 Met Data Miner 300 Scanned by Researcher 500 Friendly Fire -299 Cogmind --------- Core Integrity 0/1300 Matter 234/300 Energy 29/100 System Corruption 12% Temperature Cool (0) Movement Core (200) Ox3 Location -3/Quarantine Parts ------- > --- POWER (2) -------- (None) > --- PROPULSION (5) --- (None) > --- UTILITY (9) ------ Improved Coolant Injector Advanced Signal Interpreter Advanced Target Analyzer Improved Hacking Suite > --- WEAPON (5) ------- Sigix Broadsword > --- INVENTORY (5) ---- Long-range Sensor Array Phase Armor Peak State ------------ > --- POWER ------------ Cooled Fission Core Light Particle Reactor > --- PROPULSION ------- Biometal Medium Treads Centrium Heavy Treads Centrium Heavy Treads > --- UTILITY ---------- Experimental Power Amplifier Improved Coolant Injector Huge Storage Unit Improved Targeting Computer Advanced Target Analyzer Improved Core Analyzer Advanced Force Field Improved Hacking Suite Advanced Recalibrator > --- WEAPON ----------- Quantum Rifle Quantum Rifle Coil Gun Railgun Improved KE Penetrator > --- INVENTORY -------- Micro Fission Core Micro Fission Core Light Antimatter Reactor Improved Heavy Treads Biometal Medium Treads Biometal Medium Treads Myomer Leg Myomer Leg Advanced Heat Sink Advanced Heat Sink Advanced Heat Sink Long-range Sensor Array Reaction Control System Improved Phase Shifter Improved Light Armor Plating Centrium Medium Armor Plating Tesla Rifle Heavy Gatling Laser Compact HERF Cannon Matter Neutralizer Coil Gun Heavy Rocket Launcher Long-range Missile Launcher Advanced Datajack [Rating: 163] Favorites ----------- Power Cooled Fission Core Engine Reinforced Ion Engine Power Core Cooled Fission Core Reactor Quantum Reactor Propulsion Improved Treads Treads Improved Treads Leg Flexi-carbon Leg Wheel Centrium Wheel Hover Unit Gravmag System Flight Unit Xenon Bombardment Thruster Utility Advanced Heat Sink Device Advanced Heat Sink Storage Huge Storage Unit Processor Improved Targeting Computer Hackware Hacking Suite Protection Improved Medium Armor Plating Artifact Phase Armor Weapon KE Penetrator Energy Gun Heavy Gatling Laser Energy Cannon Compact HERF Cannon Ballistic Gun KE Penetrator Ballistic Cannon Heavy Assault Cannon Launcher Mini Grenade Launcher Slashing Weapon Sigix Broadsword Special Melee Weapon Advanced Datajack Build | -11 -10 -9 -8 -7 -6 -6 -6 -6 -5 -5 -4 -4 -4 -4 -4 -3 -3 ------- Run | Scr Mat Mat Mat Fac Fac Low Low Dat Pro Fac Fac Ext Cet Arc Hub Res Qua Slots Evolved 14 | . . 2 2 2 2 . . . . 2 2 . . . . 2 . Power 1 | . . . . . . . . . . . . . . . . 1 . Propulsion 3 | . . 1 . . . . . . . 2 . . . . . . . Utility 7 | . . 1 . 2 2 . . . . . 1 . . . . 1 . Weapon 3 | . . . 2 . . . . . . . 1 . . . . . . Parts Attached 309 | 6 1 15 28 9 36 7 2 . 9 8 33 42 11 16 2 61 23 Power 25 | 1 . 1 3 . 4 1 . . 2 . 2 . 1 . 1 7 2 Engine 8 | 1 . 1 2 . 3 1 . . . . . . . . . . . Core 8 | . . . 1 . 1 . . . 1 . 2 . . . 1 2 . Reactor 9 | . . . . . . . . . 1 . . . 1 . . 5 2 Propulsion 73 | 2 . 3 10 3 4 1 . . 1 1 10 19 1 2 1 9 6 Treads 46 | 2 . 3 7 . . . . . . . 3 17 1 2 1 9 1 Leg 16 | . . . 3 2 1 . . . 1 1 6 2 . . . . . Wheel 1 | . . . . . . . . . . . . . . . . . 1 Hover 5 | . . . . . 3 1 . . . . 1 . . . . . . Flight 5 | . . . . 1 . . . . . . . . . . . . 4 Utility 99 | 1 1 5 5 4 14 . 2 . 3 3 13 10 2 4 . 23 9 Device 53 | . . . 3 1 9 . 1 . 2 2 6 5 1 1 . 15 7 Storage 3 | 1 . 1 . . . . . . . . 1 . . . . . . Processor 8 | . . . . 2 2 . . . . . . 1 . 1 . 1 1 Hackware 5 | . . . . . 1 . . . . 1 1 . . 2 . . . Protection 29 | . 1 4 2 1 2 . 1 . 1 . 5 4 1 . . 7 . Artifact 1 | . . . . . . . . . . . . . . . . . 1 Weapon 112 | 2 . 6 10 2 14 5 . . 3 4 8 13 7 10 . 22 6 Energy Gun 30 | . . . 5 . 6 . . . . 1 2 4 2 4 . 6 . Energy Cannon 2 | . . . 1 . . . . . . . . . . . . 1 . Ballistic Gun 57 | 2 . 5 3 . 6 3 . . 2 2 6 7 4 5 . 11 1 Ballistic Cannon 2 | . . . . . 1 . . . . . . . . . . 1 . Launcher 18 | . . 1 1 2 1 2 . . 1 1 . 2 1 . . 3 3 Special Weapon . | . . . . . . . . . . . . . . . . . . Impact Weapon . | . . . . . . . . . . . . . . . . . . Slashing Weapon 2 | . . . . . . . . . . . . . . . . . 2 Piercing Weapon . | . . . . . . . . . . . . . . . . . . Special Melee Weapon 1 | . . . . . . . . . . . . . . 1 . . . Unidentified Prototypes 17 | . . . . 1 2 . . . 2 . 2 . 4 . . 1 5 Corrupted Parts 4 | . . . . . . . . . . . . 1 . . . 1 2 System Corruption 6 | . . . . . . . . . . . . 2 . . . 1 3 Parts Lost 136 | . . 5 22 . 18 2 1 . 5 2 14 13 . 2 3 26 23 Power 16 | . . . 3 . 2 1 . . . . 1 . . . 1 2 6 Propulsion 37 | . . 2 6 . 4 1 . . 2 . 4 3 . . 1 5 9 Utility 38 | . . 2 3 . 6 . 1 . 2 2 5 2 . 1 1 8 5 Weapon 45 | . . 1 10 . 6 . . . 1 . 4 8 . 1 . 11 3 Highest Loss Streak 11 | . . 2 10 . 7 1 1 . 3 1 8 5 . 1 3 11 10 Average Slot Usage (%) 82 | . 97 97 77 46 70 82 73 73 78 76 94 95 89 73 87 85 60 Engine 1 | . 14 11 6 . 4 2 . . . . . . . . . . . Core 2 | . . . 1 . . . . . 3 . 4 5 1 . 1 5 1 Reactor 1 | . . . . . . . . . 1 5 . . 3 5 4 2 4 Treads 12 | . 28 31 21 . . . . . . . 2 22 16 15 15 12 6 Leg 3 | . . . 3 17 6 . . . 1 9 20 1 . . . . . Hover 1 | . . . . . 6 12 13 13 9 . . . . . . . . Device 14 | . . . 4 6 13 20 14 13 16 17 20 20 21 15 8 12 18 Storage 4 | . 14 11 8 . . . . . . . 4 5 5 5 5 4 2 Processor 5 | . . . . 7 12 6 6 6 6 5 . 2 5 5 10 12 9 Hackware 4 | . . . . . 1 6 6 6 6 7 8 5 5 9 10 5 4 Protection 7 | . 11 21 7 4 2 13 11 13 9 5 7 7 5 5 5 4 . Energy Gun 3 | . . . 11 . 6 . . . . 1 5 5 6 2 10 5 1 Ballistic Gun 13 | . 28 21 10 . 6 11 13 13 16 21 18 18 19 4 15 13 1 Naked Turns . | . . . . . . . . . . . . . . . . . . Heaviest Build 168 | 12 15 46 51 5 35 35 31 31 44 46 135 140 140 140 138 168 119 Greatest Support 195 | 40 40 60 60 51 51 29 29 29 29 43 100 144 178 183 188 195 150 Greatest Overweight (x) 7 | . . . 1 . 5 1 1 1 1 1 7 2 . . . 1 1 Average Overweight (x) . | . . . . . . 1 . 1 . . . . . . . . . Largest Inventory Capacity 25 | 8 8 15 15 5 5 5 5 5 5 5 25 25 25 25 25 25 25 Average Capacity 17 | 6 8 9 14 5 5 5 5 5 5 5 21 25 25 25 25 25 19 Most Carried 25 | 2 4 13 15 5 5 5 5 5 5 5 23 25 25 25 25 25 7 Average Carried 14 | 1 3 7 11 4 3 4 4 5 4 3 12 23 24 24 24 21 4 Final Capacity 25 | 8 8 15 5 5 5 5 5 5 5 5 25 25 25 25 25 25 5 Final Carried 25 | 2 4 13 5 5 5 4 5 5 2 5 23 25 25 25 22 7 3 Class Distribution -------------------- 48% | Scavenger-Tank 21% | Scavenger-Mutant 14% | Scavenger-Gunner 8% | Mutant 3% | Commander-Tank Dominant Class ---------------- Mutant | -10/Materials Scavenger-Mutant | -9/Materials Scavenger-Tank | -8/Materials Mutant | -7/Factory Scavenger-Tank | -6/Factory Scavenger-Tank | -6/Lower Caves Scavenger-Tank | -6/Lower Caves Scavenger-Tank | -6/Data Miner Scavenger-Tank | -5/Proximity Caves Scavenger-Tank | -5/Factory Scavenger-Tank | -4/Factory Scavenger-Tank | -4/Extension Scavenger-Tank | -4/Cetus Scavenger-Mutant | -4/Archives Scavenger-Gunner | -4/Hub_04(d) Scavenger-Gunner | -3/Research Scavenger-Mutant | -3/Quarantine Resources | -11 -10 -9 -8 -7 -6 -6 -6 -6 -5 -5 -4 -4 -4 -4 -4 -3 -3 ----------- Run | Scr Mat Mat Mat Fac Fac Low Low Dat Pro Fac Fac Ext Cet Arc Hub Res Qua Matter Collected 7899 | 209 20 414 468 31 697 118 128 . 270 167 1003 1458 251 431 . 2147 87 Remotely . | . . . . . . . . . . . . . . . . . . Salvage Created 11029 | . 51 552 1181 . 942 131 40 . 206 202 1566 3070 221 499 17 2267 84 Parts 547 | . 6 35 64 . 59 8 1 . 13 10 61 108 18 34 . 125 5 Haulers Intercepted 3 | . . . . . . . . . . . 2 . . . . 1 . Recyclers Shooed 1 | . . . . . . . . . . . . . . . . . 1 Parts Field Recycled . | . . . . . . . . . . . . . . . . . . Retrieved Matter . | . . . . . . . . . . . . . . . . . . Parts Self-Destructed 25 | . . . . . . 6 1 . 18 . . . . . . . . Prevented . | . . . . . . . . . . . . . . . . . . Kills | -11 -10 -9 -8 -7 -6 -6 -6 -6 -5 -5 -4 -4 -4 -4 -4 -3 -3 ------- Run | Scr Mat Mat Mat Fac Fac Low Low Dat Pro Fac Fac Ext Cet Arc Hub Res Qua Combat Hostiles Destroyed 198 | . 3 17 26 . 20 7 1 . 8 7 17 40 8 3 . 34 7 Melee 3 | . . . . . . . . . . . . . . . . 1 2 Guns 140 | . 3 15 20 . 8 2 . . 4 3 16 37 5 3 . 24 . Cannons 6 | . . . . . . 1 1 . 1 . . . . . . 3 . AOE 47 | . . 2 6 . 12 4 . . 3 4 . 2 3 . . 6 5 Classes Destroyed 20 | . 1 3 4 . 4 1 . . 1 . 2 3 . . . . 1 Worker 16 | . . . 2 . 2 . . . . . . 6 . . 1 3 2 Builder 9 | . . . 3 . 1 . . . . 1 . 3 . . . 1 . Tunneler 3 | . . . . . 1 . . . . . 1 1 . . . . . Hauler 3 | . . . . . . . . . . . 2 . . . . 1 . Recycler 5 | . . . . . 1 . . . . . 1 2 . . . 1 . Operator 8 | . . . . . 1 . . . . . . . . 7 . . . Watcher 1 | . . . . . . . . . . . . 1 . . . . . Swarmer 40 | . 3 7 . . 3 6 . . 5 3 . . 6 . . 4 3 Saboteur 1 | . . . . . . . . . . . . 1 . . . . . Grunt 76 | . . 5 22 . 10 . . . . 3 8 20 . . . 5 3 Brawler 5 | . . 1 1 . . . . . . . . 3 . . . . . Duelist 5 | . . . 1 . 1 . . . . 1 . 1 . . . . 1 Researcher 1 | . . . . . . . . . . . . . . . . . 1 Sentry 27 | . . 4 1 . 2 1 1 . . . 4 9 . 3 . 2 . Demolisher 1 | . . . . . . . . . . . . 1 . . . . . Hunter 16 | . . . . . . . . . 3 . . 2 . . . 11 . Programmer 15 | . . . . . 2 . . . . . 4 . . . . 9 . Heavy 5 | . . . 1 . 2 . . . . . . . . . . 2 . Behemoth 3 | . . . . . . . . . . . 1 1 . . . 1 . Cetus Guard 2 | . . . . . . . . . . . . . 2 . . . . Samaritan 1 | . . . . . . 1 . . . . . . . . . . . Thug 2 | . . . . . . . . . . . . 2 . . . . . Best Kill Streak 13 | . 3 6 13 . 8 6 1 . 5 5 6 9 6 3 1 6 6 Combat Bots Only 10 | . 3 6 10 . 7 6 1 . 5 4 6 9 6 2 . 6 4 Max Kills in Single Turn 6 | . 2 1 4 . 2 2 1 . 3 4 2 2 2 2 1 3 6 Gunslinging 1 | . . . 1 . . . . . . 1 . 1 . . . . . Exploded 4 | . . 1 4 . 2 2 . . 3 3 . 1 2 . . 3 4 Melee 1 | . . . . . . . . . . . . . . . . 1 1 Uniques/NPCs Destroyed . | . . . . . . . . . . . . . . . . . . Combat | -11 -10 -9 -8 -7 -6 -6 -6 -6 -5 -5 -4 -4 -4 -4 -4 -3 -3 -------- Run | Scr Mat Mat Mat Fac Fac Low Low Dat Pro Fac Fac Ext Cet Arc Hub Res Qua Damage Taken 27928 | . 137 1176 3449 14 2456 267 106 . 792 512 2037 3441 553 252 1381 7792 3563 Core 3210 | . . 147 462 . 574 21 18 . 57 24 231 225 44 . 107 482 818 Absorbed by Shields 1371 | . . . . . . . . . . . . 169 . . . 1202 . Reduced by Siege Mode 11 | . . . . . . . . . . . . . 11 . . . . Core Remaining (%) 68 | 100 100 63 16 100 . . . . 21 97 . . . . 47 . . Volleys Fired 483 | . 6 56 49 . 43 11 3 . 16 5 52 80 14 45 1 97 5 Largest 5 | . 2 2 4 . 4 3 3 . 4 4 5 5 5 5 5 5 2 Hottest 298 | . 40 46 184 . 180 120 120 . 120 165 213 280 280 264 266 298 130 Shots Fired 1547 | . 12 110 177 . 84 27 9 . 47 11 213 339 63 82 5 360 8 Gun 1457 | . 12 108 173 . 63 16 6 . 37 8 213 333 61 82 5 334 6 Cannon 42 | . . . 1 . 2 8 3 . 9 . . . . . . 19 . Launcher 48 | . . 2 3 . 19 3 . . 1 3 . 6 2 . . 7 2 Special . | . . . . . . . . . . . . . . . . . . Kinetic 1107 | . 12 108 78 . 45 24 9 . 46 6 156 237 43 68 3 269 3 Thermal 357 | . . . 82 . 8 . . . . 2 57 96 18 14 2 74 4 Explosive 47 | . . 2 3 . 19 3 . . 1 3 . 6 2 . . 7 1 Electromagnetic 36 | . . . 14 . 12 . . . . . . . . . . 10 . Robot Hit Streak 33 | . 3 7 13 . 11 3 4 . 7 4 14 33 23 17 2 23 4 Robot Miss Streak 8 | . 3 3 5 . 5 3 1 . 4 1 5 8 2 7 1 4 . Penetration Max 2 | . . . . . 2 . . . . 1 1 1 1 1 . 2 . Secondary Targets 37 | . . 2 11 . 1 . . . . 1 5 10 1 . . 6 . Max Gunslinging Chain 1 | . . 1 1 . 1 . . . . 1 1 1 1 . . 1 . Shots Hit Robots 1038 | . 7 75 123 . 62 14 6 . 25 8 147 256 34 50 3 226 2 Core Hits 593 | . 4 31 69 . 73 10 1 . 13 16 52 161 18 23 1 110 11 Critical Kills 27 | . . . 1 . . . . . . . 6 10 1 3 . 6 . Critical Parts Destroyed 41 | . . . . . . . . . 1 . 3 13 . 1 . 23 . Critical Strikes 90 | . . . 5 . 1 . 1 . 1 . 11 26 1 4 . 40 . Burn 6 | . . . 4 . . . . . . . 1 1 . . . . . Destroy 79 | . . . 1 . . . . . 1 . 10 25 1 4 . 37 . Blast 4 | . . . . . 1 . 1 . . . . . . . . 2 . Corrupt 1 | . . . . . . . . . . . . . . . . 1 . Melee Attacks 6 | . . . . . . . . . . . . . . 3 . . 3 Impact . | . . . . . . . . . . . . . . . . . . Slashing 3 | . . . . . . . . . . . . . . . . . 3 Piercing . | . . . . . . . . . . . . . . . . . . Sneak Attacks 3 | . . . . . . . . . . . . . . 3 . . . Combat Hostiles . | . . . . . . . . . . . . . . . . . . Follow-up Attacks . | . . . . . . . . . . . . . . . . . . Damage Inflicted 38371 | . 73 954 2633 . 3467 871 242 . 804 646 3896 8554 1299 1410 138 7244 6140 Guns 23487 | . 65 848 1747 . 1097 184 75 . 326 186 3856 7437 930 1410 123 5203 . Cannons 1460 | . . . 22 . 61 172 167 . 247 . . . . . . 791 . Explosions 13048 | . . 103 848 . 2302 515 . . 231 460 . 1095 369 . . 1166 5959 Melee . | . . . . . . . . . . . . . . . . . . Ramming 376 | . 8 3 16 . 7 . . . . . 40 22 . . 15 84 181 Kinetic 17833 | . 65 848 818 . 919 356 242 . 573 142 2815 4796 503 1181 60 4515 . Thermal 12965 | . . . 1066 . 389 . . . . 44 1041 2641 427 229 63 1398 5667 Explosive 6843 | . . 103 602 . 2010 515 . . 231 460 . 1095 369 . . 1166 292 Electromagnetic 354 | . . . 131 . 142 . . . . . . . . . . 81 . Impact . | . . . . . . . . . . . . . . . . . . Slashing . | . . . . . . . . . . . . . . . . . . Piercing . | . . . . . . . . . . . . . . . . . . Highest Corruption 12 | . 3 . 7 . 4 4 4 4 4 . 3 5 5 5 5 5 12 Average Corruption 3 | . 2 . 7 . 2 4 4 4 4 . 1 4 5 5 5 2 6 Corruption Purged 7 | . . . . . . . . . . . . . . . . 7 . Effects 168 | . . . 5 . 15 7 5 2 7 . 13 44 9 33 1 17 10 Message Errors 55 | . . . 1 . 7 1 1 . 1 . 5 16 1 12 . 6 4 Matter Fused 41 | . . . 2 . 2 2 . 2 2 . 1 9 3 10 1 3 4 Heat Flow Errors 15 | . . . 1 . . 3 2 . 3 . 2 . 1 2 . 1 . Energy Discharges 26 | . . . 1 . 3 . 2 . . . 3 8 . 7 . 1 1 Parts Rejected 3 | . . . . . 1 . . . . . . 1 . . . 1 . Data Loss (minor) 14 | . . . . . 2 1 . . 1 . 1 3 2 1 . 3 . Data Loss (major) 3 | . . . . . . . . . . . . 2 1 . . . . Misfires 6 | . . . . . . . . . . . . 4 1 1 . . . Misdirections 1 | . . . . . . . . . . . . . . . . . 1 Weapon Failures 4 | . . . . . . . . . . . 1 1 . . . 2 . Overload Shots . | . . . . . . . . . . . . . . . . . . Overflow Damage 812 | . . . 25 . 196 130 . . . . . 29 17 . . 24 391 Projectiles 63 | . . . . . . 63 . . . . . . . . . . . Explosions 734 | . . . 25 . 196 67 . . . . . 29 17 . . 20 380 Melee 15 | . . . . . . . . . . . . . . . . 4 11 Knockbacks 5 | . . . . . . 1 . . . . 1 . . . . 3 . Impact 1 | . . . . . . . . . . . 1 . . . . . . Kinetic 4 | . . . . . . 1 . . . . . . . . . 3 . Secondary . | . . . . . . . . . . . . . . . . . . Self-Inflicted Damage 2160 | . . 39 156 . 602 63 . . 45 . . 63 . . . 138 1054 Shots 30 | . . 2 5 . 13 2 . . 1 . . 1 . . . 5 1 Rammed 30 | . 1 2 2 . 1 . . . . . . 2 . . 1 7 14 Targets Rammed 40 | . 1 2 7 . 3 . . . . . 1 2 . . 1 8 15 Kicked 6 | . . . 3 . 2 . . . . . 1 . . . . . . Crushed 4 | . . . 2 . . . . . . . . . . . . 1 1 Highest Temperature 471 | . 12 90 471 . 177 215 250 . 204 30 192 194 196 198 147 422 . Average Temperature 95 | . 6 26 163 . 64 71 74 . 86 20 86 75 76 93 95 111 . Received Heat Transfer 4704 | . 12 330 1701 9 495 24 30 . . 81 369 950 . 54 237 283 129 Effects 11 | . . . 8 . . . . . . . . . . . . 3 . Shutdowns 2 | . . . 2 . . . . . . . . . . . . . . Energy Bleed 1 | . . . 1 . . . . . . . . . . . . . . Interference 5 | . . . 3 . . . . . . . . . . . . 2 . Short Circuit 1 | . . . . . . . . . . . . . . . . 1 . Damage (minor) 2 | . . . 2 . . . . . . . . . . . . . . Siege Activations 1 | . . . . . . . . . . . . . 1 . . . . Total Turns 15 | . . . . . . . . . . . . . 15 . . . . Longest Duration 15 | . . . . . . . . . . . . . 15 . . . . Robots Corrupted . | . . . . . . . . . . . . . . . . . . Combat Hostiles . | . . . . . . . . . . . . . . . . . . Parts Fried 2 | . . . . . 1 . . . . . . 1 . . . . . Impact Corruptions 2 | . . . . . . . . . . . . . . . . 1 1 Robots Melted 2 | . . . . . . . . . . . 1 1 . . . . . Combat Hostiles 2 | . . . . . . . . . . . 1 1 . . . . . Parts Melted 20 | . . . 7 . . . . . . . 5 6 . . 1 1 . Heat Transferred 12529 | . . . 2648 . 348 . . . . 74 1702 4627 671 296 74 2089 . Parts Sabotaged 7 | . . . . . 3 . . . . . . 4 . . . . . Parts Stolen . | . . . . . . . . . . . . . . . . . . Parts Stripped . | . . . . . . . . . . . . . . . . . . Power Chain Reactions 2 | . . . 2 . . . . . . . . . . . . . . Missiles Intercepted . | . . . . . . . . . . . . . . . . . . Alert | -11 -10 -9 -8 -7 -6 -6 -6 -6 -5 -5 -4 -4 -4 -4 -4 -3 -3 ------- Run | Scr Mat Mat Mat Fac Fac Low Low Dat Pro Fac Fac Ext Cet Arc Hub Res Qua Peak Influence 1382 | . 70 269 515 353 909 . . . . 229 989 1382 1000 548 97 971 1024 Initial 726 | . . 29 65 233 172 . . . . 103 38 484 726 400 52 37 489 Average 436 | . 40 178 305 284 583 . . . . 119 576 764 905 335 59 292 608 Maximum Alert Level 4 | . . 1 2 1 3 . . . . 1 3 4 3 2 . 3 3 Low Security (%) 22 | 100 100 48 29 . 12 . . . . 66 12 . . 20 100 25 . Level 1 27 | . . 51 34 100 1 . . . . 33 26 . . 35 . 58 . Level 2 30 | . . . 36 . 53 . . . . . 14 60 4 44 . 13 73 Level 3 15 | . . . . . 32 . . . . . 46 18 95 . . 2 26 Level 4 3 | . . . . . . . . . . . . 21 . . . . . Level 5 . | . . . . . . . . . . . . . . . . . . High Security . | . . . . . . . . . . . . . . . . . . Max Security . | . . . . . . . . . . . . . . . . . . Squads Dispatched 60 | . 1 2 8 1 9 . . . . 3 11 7 . . 6 10 2 Investigation 8 | . 1 . 1 . 2 . . . . 1 1 . . . 1 1 . Extermination 7 | . . . . . 2 . . . . . 2 . . . . 3 . Reinforcement 35 | . . 2 6 1 4 . . . . 2 4 4 . . 5 6 1 Assault 6 | . . . . . 1 . . . . . 1 3 . . . . 1 Garrison 4 | . . . 1 . . . . . . . 3 . . . . . . Intercept . | . . . . . . . . . . . . . . . . . . Construction Impeded 7 | . . . 1 . 1 . . . . 1 . 4 . . . . . Haulers Reinforced 6 | . . . 1 . 2 . . . . . 1 . . . 1 1 . Active Scanning Responses 1 | . . . . . 1 . . . . . . . . . . . . Cargo Convoy Interrupts 2 | . . . . . . . . . . . 1 . . . . 1 . Stealth | -11 -10 -9 -8 -7 -6 -6 -6 -6 -5 -5 -4 -4 -4 -4 -4 -3 -3 --------- Run | Scr Mat Mat Mat Fac Fac Low Low Dat Pro Fac Fac Ext Cet Arc Hub Res Qua Distress Signals 19 | . . 5 1 . . . . . . 1 3 2 1 . 1 4 1 Communications Jammed 19 | . . . . . . . . . . . . . . . . 19 . Distress Signals 12 | . . . . . . . . . . . . . . . . 12 . Times Spotted 387 | . 7 24 49 7 36 7 1 . 10 11 24 63 14 29 19 64 22 Peak Tracking Total 17 | . 5 5 12 5 6 3 1 . 4 5 5 7 7 1 17 10 10 Tactical Retreats 21 | . . 3 4 2 3 . . . . . . 2 . . . 6 1 Traps | -11 -10 -9 -8 -7 -6 -6 -6 -6 -5 -5 -4 -4 -4 -4 -4 -3 -3 ------- Run | Scr Mat Mat Mat Fac Fac Low Low Dat Pro Fac Fac Ext Cet Arc Hub Res Qua Traps Triggered 19 | . 3 . 1 . 2 . . . . 2 1 7 . . 1 2 . Indirectly . | . . . . . . . . . . . . . . . . . . Trap Hack Attempts . | . . . . . . . . . . . . . . . . . . Triggered . | . . . . . . . . . . . . . . . . . . Disarmed . | . . . . . . . . . . . . . . . . . . Reprogrammed . | . . . . . . . . . . . . . . . . . . Reused . | . . . . . . . . . . . . . . . . . . Traps Extracted . | . . . . . . . . . . . . . . . . . . Installed . | . . . . . . . . . . . . . . . . . . Triggered 3 | . . . . . . 1 . . . . 2 . . . . . . Machines | -11 -10 -9 -8 -7 -6 -6 -6 -6 -5 -5 -4 -4 -4 -4 -4 -3 -3 ---------- Run | Scr Mat Mat Mat Fac Fac Low Low Dat Pro Fac Fac Ext Cet Arc Hub Res Qua Machines Disabled 46 | . . 1 . . 18 . . . . . 4 5 3 4 1 1 9 Max in Single Turn 8 | . . 1 . . 6 . . . . . 4 1 1 1 1 1 8 Garrison Access 3 | . . . 1 . 1 . . . . . 1 . . . . . . Machines Sabotaged . | . . . . . . . . . . . . . . . . . . Garrisons Compromised 1 | . . . . . . . . . . . 1 . . . . . . Overloaded Fab Kills . | . . . . . . . . . . . . . . . . . . Fab Network Shutdowns . | . . . . . . . . . . . . . . . . . . Hacking | -11 -10 -9 -8 -7 -6 -6 -6 -6 -5 -5 -4 -4 -4 -4 -4 -3 -3 --------- Run | Scr Mat Mat Mat Fac Fac Low Low Dat Pro Fac Fac Ext Cet Arc Hub Res Qua Machines Accessed 16 | . . . 1 . 3 . . 3 . 1 1 1 1 . . 2 3 Terminals 7 | . . . . . 1 . . . . . . 1 1 . . 2 2 Fabricators 1 | . . . . . . . . . . 1 . . . . . . . Repair Stations 2 | . . . . . 1 . . . . . . . . . . . 1 Recycling Units . | . . . . . . . . . . . . . . . . . . Scanalyzers . | . . . . . . . . . . . . . . . . . . Garrison Access 3 | . . . 1 . 1 . . . . . 1 . . . . . . Total Hacks 52 | . . . 1 . 8 . . 25 . 1 2 2 1 . . 4 8 Successful 44 | . . . 1 . 5 . . 25 . 1 1 . 1 . . 4 6 Failed 8 | . . . . . 3 . . . . . 1 2 . . . . 2 Catastrophic 1 | . . . . . 1 . . . . . . . . . . . . Database Lockouts . | . . . . . . . . . . . . . . . . . . Manual 13 | . . . . . . . . . . 1 2 2 . . . 4 4 Terminals 18 | . . . . . 4 . . . . . . 2 1 . . 4 7 Fabricators 1 | . . . . . . . . . . 1 . . . . . . . Repair Stations 3 | . . . . . 2 . . . . . . . . . . . 1 Recycling Units . | . . . . . . . . . . . . . . . . . . Scanalyzers . | . . . . . . . . . . . . . . . . . . Garrison Access 5 | . . . 1 . 2 . . . . . 2 . . . . . . Terminal Hacks 31 | . . . . . 3 . . 25 . . . . 1 . . . 2 Record 7 | . . . . . . . . 6 . . . . 1 . . . . Part Schematic 12 | . . . . . . . . 12 . . . . . . . . . Robot Schematic 4 | . . . . . . . . 4 . . . . . . . . . Prototype ID Bank 3 | . . . . . . . . 3 . . . . . . . . . Open Door 1 | . . . . . . . . . . . . . . . . . 1 Alert Level 1 | . . . . . 1 . . . . . . . . . . . . Unreport Threat 2 | . . . . . 2 . . . . . . . . . . . . Zone Layout 1 | . . . . . . . . . . . . . . . . . 1 Fabricator Hacks . | . . . . . . . . . . . . . . . . . . Repair Station Hacks 2 | . . . . . 1 . . . . . . . . . . . 1 Refit 2 | . . . . . 1 . . . . . . . . . . . 1 Recycling Unit Hacks . | . . . . . . . . . . . . . . . . . . Scanalyzer . | . . . . . . . . . . . . . . . . . . Garrison Access Hacks 2 | . . . 1 . 1 . . . . . . . . . . . . Seal Access 2 | . . . 1 . 1 . . . . . . . . . . . . Unauthorized Hacks 9 | . . . . . . . . . . 1 1 . . . . 4 3 Terminals 7 | . . . . . . . . . . . . . . . . 4 3 Track 3 | . . . . . . . . . . . . . . . . 2 1 Botnet 3 | . . . . . . . . . . . . . . . . 2 1 Operators 1 | . . . . . . . . . . . . . . . . . 1 Fabricators 1 | . . . . . . . . . . 1 . . . . . . . Haulers 1 | . . . . . . . . . . 1 . . . . . . . Repair Stations . | . . . . . . . . . . . . . . . . . . Recycling Units . | . . . . . . . . . . . . . . . . . . Scanalyzers . | . . . . . . . . . . . . . . . . . . Garrison Access 1 | . . . . . . . . . . . 1 . . . . . . Jam 1 | . . . . . . . . . . . 1 . . . . . . Data Cores Recovered 1 | . . . . . 1 . . . . . . . . . . . . Used . | . . . . . . . . . . . . . . . . . . Hacking Detections 9 | . . . . . 3 . . . . . 1 1 . . . 2 2 Full Trace Events 1 | . . . . . 1 . . . . . . . . . . . . Feedback Events 1 | . . . . . 1 . . . . . . . . . . . . Corruption 1 | . . . . . 1 . . . . . . . . . . . . Feedback Blocked . | . . . . . . . . . . . . . . . . . . Robot Schematics Acquired 4 | . . . . . . . . 4 . . . . . . . . . Robots Built . | . . . . . . . . . . . . . . . . . . Matter . | . . . . . . . . . . . . . . . . . . Time . | . . . . . . . . . . . . . . . . . . Total Robot Build Rating . | . . . . . . . . . . . . . . . . . . Part Schematics Acquired 12 | . . . . . . . . 12 . . . . . . . . . Parts Built . | . . . . . . . . . . . . . . . . . . Matter . | . . . . . . . . . . . . . . . . . . Time . | . . . . . . . . . . . . . . . . . . Total Part Build Rating . | . . . . . . . . . . . . . . . . . . Parts Repaired . | . . . . . . . . . . . . . . . . . . Time . | . . . . . . . . . . . . . . . . . . Parts Recycled . | . . . . . . . . . . . . . . . . . . Recycled Matter . | . . . . . . . . . . . . . . . . . . Retrieved Matter . | . . . . . . . . . . . . . . . . . . Retrieved Components . | . . . . . . . . . . . . . . . . . . Parts Scanalyzed . | . . . . . . . . . . . . . . . . . . Part Schematics Acquired . | . . . . . . . . . . . . . . . . . . Parts Damaged . | . . . . . . . . . . . . . . . . . . Bothacking | -11 -10 -9 -8 -7 -6 -6 -6 -6 -5 -5 -4 -4 -4 -4 -4 -3 -3 ------------ Run | Scr Mat Mat Mat Fac Fac Low Low Dat Pro Fac Fac Ext Cet Arc Hub Res Qua Used RIF Installer . | . . . . . . . . . . . . . . . . . . Robots Hacked 1 | . . . . . . . . . . . . . . 1 . . . Non-combat 1 | . . . . . . . . . . . . . . 1 . . . Combat . | . . . . . . . . . . . . . . . . . . Robot Hacks Applied 3 | . . . . . . . . . . . . . . 3 . . . check_alert 3 | . . . . . . . . . . . . . . 3 . . . Relay Couplers Released . | . . . . . . . . . . . . . . . . . . Robots Rewired 17 | . . . . . . . . . . . . 17 . . . . . Allies Hacked . | . . . . . . . . . . . . . . . . . . Hacks Repelled . | . . . . . . . . . . . . . . . . . . Allies | -11 -10 -9 -8 -7 -6 -6 -6 -6 -5 -5 -4 -4 -4 -4 -4 -3 -3 -------- Run | Scr Mat Mat Mat Fac Fac Low Low Dat Pro Fac Fac Ext Cet Arc Hub Res Qua Total Allies 39 | . . . . . . . . . 1 . 18 20 . . . . . Largest Group 18 | . . . . . . . . . 1 . 18 8 6 1 1 . . Highest-Rated Group 1004 | . . . . . . . . . 95 . 1004 426 237 49 49 . . Highest-Rated Ally 156 | . . . . . . . . . 95 . 75 156 49 49 49 . . Total Orders . | . . . . . . . . . . . . . . . . . . Ally Attacks 194 | . . . . . . . . . 9 . 23 132 19 8 3 . . Total Damage 5602 | . . . . . . . . . 284 . 608 3909 457 243 101 . . Kills 37 | . . . . . . . . . 2 . 9 18 6 1 1 . . Allies Corrupted . | . . . . . . . . . . . . . . . . . . Allies Melted 1 | . . . . . . . . . . . . 1 . . . . . Intel | -11 -10 -9 -8 -7 -6 -6 -6 -6 -5 -5 -4 -4 -4 -4 -4 -3 -3 ------- Run | Scr Mat Mat Mat Fac Fac Low Low Dat Pro Fac Fac Ext Cet Arc Hub Res Qua Robot Analysis Total . | . . . . . . . . . . . . . . . . . . Derelict Logs Recovered 2 | . . . . . . 1 1 . . . . . . . . . . Drone Launches . | . . . . . . . . . . . . . . . . . . Drone Recoveries . | . . . . . . . . . . . . . . . . . . Exploration | -11 -10 -9 -8 -7 -6 -6 -6 -6 -5 -5 -4 -4 -4 -4 -4 -3 -3 ------------- Run | Scr Mat Mat Mat Fac Fac Low Low Dat Pro Fac Fac Ext Cet Arc Hub Res Qua Turns Passed 11905 | 70 235 884 700 167 1099 333 261 89 334 640 1161 1712 310 1506 49 1888 467 Spaces Moved 5748 | 39 134 416 372 222 939 257 234 81 220 307 463 541 143 243 27 832 278 Core 143 | 2 . . 110 26 4 . . . . . 1 . . . . . . Treads 2752 | 37 134 416 223 . . . . . . . 44 505 143 243 27 832 148 Legs 1194 | . . . 39 23 333 . . . 38 307 418 36 . . . . . Wheels . | . . . . . . . . . . . . . . . . . . Hover 1356 | . . . . . 602 257 234 81 182 . . . . . . . . Flight 303 | . . . . 173 . . . . . . . . . . . . 130 Fastest Speed 34 | 50 160 160 50 50 56 111 56 111 56 120 160 157 160 160 160 155 34 Average Speed 145 | 154 160 160 128 62 95 111 97 111 120 199 198 216 160 160 160 165 119 Slowest Speed 400 | 160 160 160 270 130 300 111 111 111 200 200 400 280 160 160 160 290 170 Overloaded Moves . | . . . . . . . . . . . . . . . . . . Propulsion Burnouts . | . . . . . . . . . . . . . . . . . . Robots Hopped 7 | . . . . 1 . . . . . . . . . . . . 6 Cave-ins Triggered . | . . . . . . . . . . . . . . . . . . Exploration Rate (%) 39 | 4 30 49 58 7 34 46 57 70 39 18 15 67 62 86 10 25 38 Regions Visited 17 Branch Regions 9 Pre-discovered Areas 1 | . . . . . . . . 1 . . . . . . . . . Known Exits Taken 2 | . . . . . . . . . . 1 1 . . . . . . Unknown Exits Taken 15 | 1 1 1 1 1 1 1 1 1 1 . . 1 1 1 1 1 . Scrap Searched 3 | . . . . . . . 3 . . . . . . . . . . Spaces Dug 35 | . . . . . . . . . . . . . . . . 32 3 Terrain Destroyed 1020 | . . 17 29 . 121 57 2 . 24 29 50 106 . 20 . 73 492 Melee 3 | . . . . . . . . . . . . . . . . . 3 Projectile 152 | . . . . . 1 10 2 . 6 1 20 58 . 20 . 34 . AOE 861 | . . 17 29 . 120 47 . . 18 28 29 46 . . . 38 489 Terrain Rammed 2 | . . . . . . . . . . . . . . . . . 2 Walls Destroyed . | . . . . . . . . . . . . . . . . . . Machines Disabled 1 | . . . . . . . . . . . . . . . . . 1 Actions | -11 -10 -9 -8 -7 -6 -6 -6 -6 -5 -5 -4 -4 -4 -4 -4 -3 -3 --------- Run | Scr Mat Mat Mat Fac Fac Low Low Dat Pro Fac Fac Ext Cet Arc Hub Res Qua Total 8166 | 46 144 533 478 247 1064 278 259 80 251 325 575 862 193 1301 30 1117 383 Wait 1168 | . 1 24 9 14 23 3 16 . 3 . 6 6 9 977 . 50 27 Move 5721 | 38 134 415 371 219 938 256 233 80 219 306 462 540 142 242 26 831 269 Hop 4 | . . . . 1 . . . . . . . . . . . . 3 Pick Up 89 | 2 2 14 6 2 7 . 2 . 1 3 14 7 2 4 . 19 4 Fast Attach 151 | 6 1 4 4 8 32 1 1 . 4 5 25 17 5 8 . 21 9 Attach 89 | . . 4 17 1 4 1 1 . 4 . 5 8 1 2 2 24 15 Detach 35 | . . . 2 . 2 . 1 . 1 1 7 3 4 . . 7 7 Swap 71 | . . 7 7 . 1 5 . . 1 3 3 17 5 6 . 16 . Drop 122 | . . 7 6 2 11 1 2 . 2 2 . 17 11 14 . 44 3 Fire 483 | . 6 56 49 . 43 11 3 . 16 5 52 80 14 45 1 97 5 Melee 6 | . . . . . . . . . . . . . . 3 . . 3 Ram 3 | . . . . . 1 . . . . . . . . . . . 2 Kick 6 | . . . 3 . 2 . . . . . 1 . . . . . . Crush 32 | . . 2 4 . . . . . . . . 2 . . 1 8 15 Escape Stasis 39 | . . . . . . . . . . . . 18 . . . . 21 Rewire 147 | . . . . . . . . . . . . 147 . . . . . Trap . | . . . . . . . . . . . . . . . . . . Miscellaneous . | . . . . . . . . . . . . . . . . . . Route ------- -11/Scrapyard -10/Materials (discovered 2 exits: [*Mat] / [*Min]) -9/Materials (discovered 2 exits: *Mat / [*Min]) -8/Materials -7/Factory -6/Factory -6/Lower Caves -6/Lower Caves -6/Data Miner -5/Proximity Caves -5/Factory (discovered 2 exits: *Fac x2) -4/Factory -4/Extension (discovered 2 exits: *Res / *Cet) -4/Cetus -4/Archives (discovered 3 exits: *Res / [*Hub x2]) -4/Hub_04(d) -3/Research -3/Quarantine History --------- Turn | Location | Event 15 | -11/Scrapyard | Discovered new exit (range 14) 71 | -11/Scrapyard | Entered Materials 198 | -10/Materials | Discovered new exit (range 16) 292 | -10/Materials | Discovered new exit (range 6) 304 | -10/Materials | Build established: Mutant 306 | -10/Materials | Entered another Materials area 306 | -9/Materials | Evolved 2 slots: Propulsion x1, Utility x1 692 | -9/Materials | Discovered new exit (range 10) 811 | -9/Materials | Build established: Scavenger-Mutant 1079 | -9/Materials | Discovered new exit (range 14) 1190 | -9/Materials | Entered another Materials area 1190 | -8/Materials | Evolved 2 slots: Weapon x2 1404 | -8/Materials | Garrison activated, responded to threat 1490 | -8/Materials | Build established: Scavenger-Tank 1556 | -8/Materials | Found Prototype Device 1599 | -8/Materials | Lost 4 parts (1p3w) 1673 | -8/Materials | Destroyed 10 combat bots 1716 | -8/Materials | Core integrity fell below 50% 1744 | -8/Materials | Lost 10 parts (1p2n1u6w) 1802 | -8/Materials | Lost 3 parts (2n1u) 1832 | -8/Materials | Core integrity fell below 20% 1874 | -8/Materials | Lost 3 parts (1p2n) 1884 | -8/Materials | Discovered new exit (range 12) 1890 | -8/Materials | Entered Factory 1890 | -7/Factory | Evolved 2 slots: Utility x2 2002 | -7/Factory | Discovered new exit (range 4) 2054 | -7/Factory | Build established: Mutant 2057 | -7/Factory | Entered another Factory area 2057 | -6/Factory | Evolved 2 slots: Utility x2 2231 | -6/Factory | Destroyed 7 combat bots 2242 | -6/Factory | Lost 7 parts (1p2n2u2w) 2250 | -6/Factory | Identified Active Sensor Suite 2407 | -6/Factory | First assault squad dispatched 2530 | -6/Factory | Lost 5 parts (2u3w) 2647 | -6/Factory | Lost 4 parts (1p1n1u1w) 2719 | -6/Factory | Core integrity fell below 50% 3067 | -6/Factory | Build established: Scavenger-Tank 3094 | -6/Factory | Discovered new exit (range 8) 3156 | -6/Factory | Entered Lower Caves 3298 | -6/Lower Caves | Attracted the attention of an 0b10 checkpoint 3448 | -6/Lower Caves | Learned location of 1 exit from Factory 3451 | -6/Lower Caves | Discovered new exit (range 14) 3489 | -6/Lower Caves | Entered another Lower Caves area 3573 | -6/Lower Caves | Attracted the attention of an 0b10 checkpoint 3739 | -6/Lower Caves | Discovered new exit (range 11) 3750 | -6/Lower Caves | Entered Data Miner 3750 | -6/Data Miner | Discovered new exit (range 6) 3772 | -6/Data Miner | Met Data Miner 3797 | -6/Data Miner | Learned location of Section 7 (-2) 3797 | -6/Data Miner | Acquired the access code to Warlord's prototype stash 3813 | -6/Data Miner | Received God Mode back door access code from Data Miner 3839 | -6/Data Miner | Entered Proximity Caves 3868 | -5/Proximity Caves | Escorted by Enhanced Grunt 4067 | -5/Proximity Caves | Found Prototype Device 4067 | -5/Proximity Caves | Identified Exp. Thermal Shield 4117 | -5/Proximity Caves | Lost 3 parts (2n1u) 4153 | -5/Proximity Caves | Discovered new exit (range 9) 4173 | -5/Proximity Caves | Entered Factory 4173 | -5/Factory | Evolved 2 slots: Propulsion x2 4174 | -5/Factory | Identified exit to Factory 4712 | -5/Factory | Spotted B-75 Beast 4779 | -5/Factory | Discovered exit to Factory (range 16) 4813 | -5/Factory | Entered another Factory area 4813 | -4/Factory | Evolved 2 slots: Utility x1, Weapon x1 4814 | -4/Factory | Identified exit to Extension 4931 | -4/Factory | Lost 8 parts (1p3n2u2w) 5427 | -4/Factory | Cargo convoy interrupted 5563 | -4/Factory | First assault squad dispatched 5583 | -4/Factory | Incoming assault squad redirected 5614 | -4/Factory | Spotted B-86 Titan 5637 | -4/Factory | Destroyed B-86 Titan 5974 | -4/Factory | Entered Extension 6108 | -4/Extension | Rescued A7 6603 | -4/Extension | Build established: Commander-Tank 6724 | -4/Extension | First assault squad dispatched 6740 | -4/Extension | Spotted B-86 Titan 6747 | -4/Extension | Destroyed B-86 Titan 6764 | -4/Extension | Spotted B-86 Titan 6786 | -4/Extension | Allies destroyed B-86 Titan 6804 | -4/Extension | Found Hvy. Reflective Plating 6863 | -4/Extension | Lost 4 parts (1n1u2w) 6899 | -4/Extension | Disrupted transfer network 7001 | -4/Extension | Extracted ID and sensor layout for unrecognized location from A7's data core 7054 | -4/Extension | Lost 3 parts (1u2w) 7057 | -4/Extension | Build established: Scavenger-Tank 7103 | -4/Extension | Destroyed 9 combat bots 7324 | -4/Extension | Incoming assault squad redirected 7351 | -4/Extension | Lost 5 parts (2n3w) 7373 | -4/Extension | Rescued a captive Derelict 7374 | -4/Extension | Rescued a captive Derelict 7521 | -4/Extension | Incoming assault squad redirected 7646 | -4/Extension | Discovered new exit (range 10) 7647 | -4/Extension | Discovered new exit (range 6) 7686 | -4/Extension | Entered Cetus 7686 | -4/Cetus | Accompanied by 6 allies 7707 | -4/Cetus | Spotted Cetus Guard 7707 | -4/Cetus | Spotted Cetus Guard 7710 | -4/Cetus | Spotted Cetus Guard 7714 | -4/Cetus | Allies destroyed Cetus Guard 7722 | -4/Cetus | Spotted Cetus Guard 7723 | -4/Cetus | Destroyed Cetus Guard 7730 | -4/Cetus | Destroyed Cetus Guard 7734 | -4/Cetus | Allies destroyed Cetus Guard 7793 | -4/Cetus | Cetus Manufacturing Module disabled 7945 | -4/Cetus | Found a strange terminal 7972 | -4/Cetus | Discovered new exit (range 15) 7996 | -4/Cetus | Entered Archives 7996 | -4/Archives | Accompanied by 1 ally 8214 | -4/Archives | Discovered new exit (range 16) 8251 | -4/Archives | Discovered new exit (range 15) 8405 | -4/Archives | Discovered new exit (range 15) 8616 | -4/Archives | Build established: Scavenger-Mutant 9502 | -4/Archives | Entered Hub_04(d) 9502 | -4/Hub_04(d) | Accompanied by 1 ally 9541 | -4/Hub_04(d) | Incoming investigation squad redirected 9544 | -4/Hub_04(d) | Discovered new exit (range 3) 9550 | -4/Hub_04(d) | Core integrity fell below 50% 9551 | -4/Hub_04(d) | Entered Research 9551 | -3/Research | Evolved 2 slots: Power x1, Utility x1 9578 | -3/Research | Lost 3 parts (1p1n1u) 9856 | -3/Research | Build established: Scavenger-Tank 10227 | -3/Research | Build established: Scavenger-Gunner 10526 | -3/Research | Spotted B-86 Titan 10556 | -3/Research | Destroyed B-86 Titan 10586 | -3/Research | Found Hvy. Reflective Plating 11167 | -3/Research | Lost 9 parts (1p1n2u5w) 11391 | -3/Research | Cargo convoy interrupted 11395 | -3/Research | Spotted Striker 11407 | -3/Research | Incoming assault squad redirected 11422 | -3/Research | Discovered new exit (range 9) 11439 | -3/Research | Entered Quarantine 11465 | -3/Quarantine | Lost 11 parts (3n4u4w) 11494 | -3/Quarantine | Spotted Alpha 7 11538 | -3/Quarantine | Found Alien Launcher 11538 | -3/Quarantine | Identified Sigix Terminator 11651 | -3/Quarantine | Lost 5 parts (1p1n3w) 11689 | -3/Quarantine | First assault squad dispatched 11709 | -3/Quarantine | Build established: Scavenger-Mutant 11728 | -3/Quarantine | Found Prototype Device 11728 | -3/Quarantine | Identified Exp. Transmission Jammer 11747 | -3/Quarantine | Scanned by Researcher 11783 | -3/Quarantine | Incoming assault squad redirected 11784 | -3/Quarantine | Fired Sigix Terminator 11785 | -3/Quarantine | Core integrity fell below 50% 11789 | -3/Quarantine | Found Alien Artifact 11789 | -3/Quarantine | Identified Phase Armor 11815 | -3/Quarantine | Lost 6 parts (1p3n2u) 11826 | -3/Quarantine | Found Alien Artifact 11826 | -3/Quarantine | Identified Terrabomb 11826 | -3/Quarantine | Used Terrabomb 11835 | -3/Quarantine | System corruption reached 10% 11836 | -3/Quarantine | Found Alien Slashing Weapon 11836 | -3/Quarantine | Identified Sigix Broadsword 11861 | -3/Quarantine | Core integrity fell below 20% 11906 | -3/Quarantine | Destroyed by G-73 Enforcer with Heavy Laser Last Messages --------------- Backup Power I x2 Backup Propulsion I x1 Backup Laser I x2 11869_ Dropped Backup Laser I. 11870_ Dropped Exp. Power Amplifier. 11873_ Slug penetrates Wall. 11873_ Penetrated by Slug. 11876_ System corrupted: Matter fused (-6). 11878_ Slug penetrates Wall. 11879_ Slug penetrates Graviton Restrictor. 11879_ Penetrated by Slug. 11879_ Backup Propulsion I destroyed. 11881_ U-05 Engineer builds a Wall. 11881_ Penetrated by Slug. 11881_ Backup Power I destroyed. 11882_ Penetrated by Slug. 11882_ Slug penetrates Wall. 11882_ Backup Power I destroyed. 11892_ =IJ O8DEW/JE